 Dungeon Crawl Stone Soup version 0.30-a0-956-gcec3b41aec (webtiles) character file.

Game seed: 6290198054717098168

4364 Demosthentine the Trooper (level 10, -2/72 HPs)
             Began as a Demonspawn Gladiator on Mar 30, 2023.
             Was a Believer of Hepliaklqana.
             Slain by a death yak (15 damage)
             ... on level 8 of the Dungeon.
             The game lasted 00:10:07 (7707 turns).

Demosthentine the Trooper (Demonspawn Gladiator)    Turns: 7707, Time: 00:10:07

Health: -2/72      AC: 11    Str: 17    XL:     10   Next: 12%
Magic:  10/10      EV: 15    Int: 10    God:    Hepliaklqana [**....]
Gold:   1278       SH:  0    Dex: 16    Spells: 9/9 levels left

rFire   . . .      SeeInvis .    f - +1 trident
rCold   . . .      Faith    .    (no shield)
rNeg    + . .      Spirit   .    p - +3 leather armour
rPois   .          Reflect  .    (helmet restricted)
rElec   .          Rampage  .    (no cloak)
rCorr   .                        (no gloves)
Will    .....                    (no boots)
Stlth   +                        (no amulet)
HPRegen 0.32/turn                g - +4 ring of protection
MPRegen 0.12/turn                j - ring of positive energy

@: about to teleport
A: reduced essence, antennae 1, foul stench 2, sharp scales 1
a: Renounce Religion, Recall Ancestor, Ancestor Identity


You were on level 8 of the Dungeon.
You worshipped Hepliaklqana.
Hepliaklqana was pleased with you.
You visited 2 branches of the dungeon, and saw 9 of its levels.
You also visited: Sewer.

You collected 1278 gold pieces.

Inventory:

Hand Weapons
 f - a +1 trident (weapon)
Missiles
 e - 7 javelins (quivered)
Armour
 p - a +3 leather armour (worn)
Jewellery
 g - a +4 ring of protection (left hand)
 j - a ring of positive energy (right hand)
Wands
 k - a wand of flame (53)
Scrolls
 n - a scroll of enchant weapon
 q - a scroll of fog
Potions
 a - 2 potions of brilliance {unknown}
 b - a potion of mutation
 h - a potion of attraction
 i - 2 potions of haste {unknown}
 l - 2 potions of flight {unknown}
 m - 2 potions of degeneration {unknown}
 o - a potion of magic {unknown}
 r - 2 potions of curing {unknown}
 t - a potion of heal wounds


   Skills:
 + Level 7.6 Fighting
 + Level 7.3 Polearms
 - Level 1.7 Throwing
 + Level 6.6 Armour
 + Level 7.3 Dodging


You had 9 spell levels left.
You didn't know any spells.
Your spell library contained the following spells:

 Spells                   Type           Power      Damage    Failure   Level
 Freeze                   Ice            0%         1d3       41%         1
 Sublimation of Blood     Necr           0%         N/A       56%         2
 Frozen Ramparts          Ice            0%         1d1       80%         3
 Hailstorm                Conj/Ice       0%         3d3       80%         3
 Kindle Blastsparks       Fire/Tloc/Air  0%         2d10      80%         3
 Portal Projectile        Hex/Tloc       0%         N/A       80%         3
 Tukima's Dance           Hex            0%         N/A       80%         3
 Fulminant Prism          Conj/Hex       0%         3d5       99%         4
 Iskenderun's Mystic Bla  Conj/Tloc      0%         2d3       99%         4
 Passage of Golubria      Tloc           0%         N/A       99%         4
 Petrify                  Tmut/Erth      0%         N/A       99%         4
 Blade Hands              Tmut           0%         N/A       100%        5
 Irradiate                Conj/Tmut      0%         3d11      100%        5
 Lee's Rapid Deconstruct  Erth           0%         3d4*      100%        5
 Yara's Violent Unravell  Hex/Tmut       0%         3d3       100%        5


Dungeon Overview and Level Annotations

Branches:
Dungeon (8/15)             Temple (1/1) D:4           Sewer (visited)
   Lair: D:8-11

Altars:
Ashenzari
Cheibriados
Fedhas
Gozag
Hepliaklqana
Kikubaaqudgha
Makhleb
Nemelex Xobeh
Okawaru
Qazlal
Ru
Sif Muna
Trog
Uskayaw
Vehumet
Wu Jian
Xom
Yredelemnul

Shops:
D:1 =   D:6 *   D:7 (   D:8 (


Innate Abilities, Weirdness & Mutations

Your life essence is reduced to manifest your ancestor. (-10% HP)
You have a pair of small antennae on your head.
You sometimes emit foul miasma when damaged in melee.
You are partially covered in razor-sharp scales. (AC +1, Slay +1)


Message History

Aim: a death yak (foul pestilence, moderately wounded, very poisoned, lightly drained, 81% to hit)
You throw a throwing net. The throwing net hits the death yak.
The death yak is caught in the net!
The death yak is moderately wounded.
The death yak is engulfed in dark miasma.
The death yak looks even sicker.
The death yak seems to slow down.
The death yak struggles against the net.
You puncture the death yak!
The death yak is heavily wounded.
The death yak is no longer moving slowly.
The death yak is engulfed in dark miasma.
The death yak looks as sick as possible!
The death yak struggles against the net.
You hit the death yak but do no damage.
The death yak is heavily wounded.
The death yak struggles against the net.
You hit the death yak but do no damage.
The death yak is severely wounded.
The death yak struggles against the net.
You hit the death yak.
The death yak is severely wounded.
The death yak struggles against the net.
The net rips apart, and the death yak comes free!
You hit the death yak but do no damage.
The death yak is severely wounded.
You hit the death yak but do no damage. You hit the death yak.
The death yak is lightly wounded.
The death yak gores you but does no damage.
You completely miss the death yak.
The death yak is lightly wounded.
The death yak gores you!!
* * * LOW HITPOINT WARNING * * *
You emit a cloud of foul miasma!
As you read the scroll of teleportation, it crumbles to dust.
You feel strangely unstable.
The death yak seems less drained.
The death yak is engulfed in dark miasma.
The death yak is poisoned.
The death yak seems to slow down.
The death yak gores you!
You die...

...........# #.....
...........# #.....
...........# #.....
...........### #.....
......).).Y.o# ########.#
......).o.Y#o## #.........
........YYY#..####....##...
....######Y##..##....###...
#... #@###....#### #...
...........# #.>### #... #.
..####### ##.# #... #.#
#... #.# #... #.# #... #.#
#### #.# #.#


You could see 3 death yaks, 2 yaks and an orc.

Vanquished Creatures
  Pikel (D:7)
  Maggie (D:7)
  Prince Ribbit (D:7)
  A wyvern (D:6)
  2 yaks (D:8)
  Duvessa (D:7)
  Pargi (Sewer)
  An orc warrior (D:7)
  3 ice beasts
  2 ogres (D:5)
  A centaur (D:7)
  A phantom (D:5)
  3 bullfrogs (D:7)
  A gnoll sergeant (D:5)
  3 scorpions
  6 wights
  2 jellies
  A hound (D:6)
  5 orc priests
  A gnoll bouda (D:6)
  A sleepcap (D:7)
  Natasha (thrice) (D:4)
  An iguana (D:5)
  An orc wizard (D:4)
  13 gnolls
  11 adders
  2 white imps
  An ufetubus (D:6)
  3 worms
  2 dart slugs
  30 orcs
  An endoplasm (D:3)
  4 giant cockroaches
  11 goblins
  7 hobgoblins
  7 jackals
  5 quokkas
  9 ball pythons
  4 bats
  4 frilled lizards
  6 kobolds
  5 rats
169 creatures vanquished.

Vanquished Creatures (collateral kills)
  An orc warrior (D:7)
  A centaur (D:7)
  2 bullfrogs
  3 wights
  Dowan (D:7)
  An iguana (D:7)
  6 gnolls
  3 orcs (D:7)
18 creatures vanquished.

Vanquished Creatures (others)
  A hexer (D:8)
  2 ancestors
  3 plants (D:7)
6 creatures vanquished.

Grand Total: 193 creatures vanquished

Notes
Turn   | Place    | Note
-------+----------+-------------------------------------------
     0 | D:1      | Demosthentine the Demonspawn Gladiator began the quest for
                  | the Orb.
     0 | D:1      | Reached XP level 1. HP: 16/16 MP: 1/1
   127 | D:1      | Gained mutation: You may rarely emit foul miasma when
                  | damaged in melee. [demonic ancestry]
   127 | D:1      | Reached XP level 2. HP: 22/22 MP: 2/2
   169 | D:1      | Found Upimic's One-of-a-Kind Rings.
   563 | D:2      | Reached skill level 1 in Armour
   563 | D:2      | Reached XP level 3. HP: 28/28 MP: 3/3
   877 | D:2      | Gained mutation: You sometimes emit foul miasma when
                  | damaged in melee. [demonic ancestry]
   877 | D:2      | Reached XP level 4. HP: 34/34 MP: 4/4
  1689 | D:3      | Reached XP level 5. HP: 29/41 MP: 5/5
  1870 | D:3      | Found a glowing drain.
  1901 | Sewer    | Entered a sewer
  1983 | Sewer    | Noticed Pargi
  1990 | Sewer    | Killed Pargi
  2169 | D:3      | Found a blossoming altar of Fedhas.
  2465 | D:3      | Identified a scroll of acquirement
  2465 | D:3      | Acquired 1024 gold pieces
  2514 | D:4      | Reached XP level 6. HP: 41/47 MP: 6/6
  2685 | D:4      | Found a staircase to the Ecumenical Temple.
  2691 | D:4      | Identified the +1 rapier "Henit" {heavy, *Noise rPois rN+
                  | Int+7}
  2700 | Temple   | Entered the Ecumenical Temple
  3227 | Temple   | Became a worshipper of Hepliaklqana the Forgotten
  3584 | D:4      | Noticed Natasha
  3593 | D:4      | Killed Natasha
  3660 | D:4      | Noticed Natasha
  3746 | D:4      | Killed Natasha
  3998 | D:4      | Noticed Natasha
  4012 | D:4      | Killed Natasha
  4013 | D:4      | Reached XP level 7. HP: 39/54 MP: 7/7
  4024 | D:5      | Entered Level 5 of the Dungeon
  4484 | D:5      | Reached skill level 5 in Dodging
  4497 | D:5      | Reached skill level 5 in Fighting
  4497 | D:5      | Reached skill level 5 in Polearms
  4497 | D:5      | Gained mutation: You are partially covered in razor-sharp
                  | scales. (AC +1, Slay +1) [demonic ancestry]
  4497 | D:5      | Reached XP level 8. HP: 40/62 MP: 8/8
  4619 | D:5      | Reached * piety under Hepliaklqana
  5477 | D:6      | Found Zenaud's Fire Supplies.
  5608 | D:6      | Reached skill level 5 in Armour
  5611 | D:6      | Gained mutation: You have a pair of small antennae on your
                  | head. [demonic ancestry]
  5611 | D:6      | Reached XP level 9. HP: 21/62 MP: 9/9
  6259 | D:7      | Noticed Prince Ribbit
  6272 | D:7      | Killed Prince Ribbit
  6368 | D:7      | Found Keuvvod's Antique Weapon Emporium.
  6369 | D:7      | Noticed Pikel
  6425 | D:7      | Killed Pikel
  6490 | D:7      | Reached ** piety under Hepliaklqana
  6491 | D:7      | Remembered your ancestor Waqi as a hexer
  6575 | D:7      | Noticed Maggie
  6586 | D:7      | Killed Maggie
  7208 | D:7      | Noticed Duvessa
  7208 | D:7      | Noticed Dowan
  7221 | D:7      | Killed Dowan
  7222 | D:7      | Killed Duvessa
  7449 | D:7      | Identified the +1 helmet "Gofynast" {SInv}
  7520 | D:8      | Reached XP level 10. HP: 64/71 MP: 10/10
  7541 | D:8      | Found Souw's Antique Weapon Emporium.
  7660 | D:8      | Noticed a death yak
  7661 | D:8      | Noticed a death yak
  7675 | D:8      | Noticed a death yak
  7707 | D:8      | Slain by a death yak

Illustrated notes

Levels and vault maps discovered:
D:1:      doesnt_arrival_eight_statues, layout_rooms, nicolae_shop_unique_rings
D:2:      layout_basic, glass_columns_c, dk_noncrumbling_3
D:3:      layout_basic, lemuel_doored_altar, cheibrodos_sewer_entry_bend,
          wander_ebering_terrifying_dragon_lair
D:4:      layout_rooms, minmay_temple_entry_waves, uniq_natasha
D:5:      layout_cave_pools, chequers_serial_rivers_small_3
D:6:      layout_loops_ring, nicolae_shop_fire_sale [nicolae_sub_dead_trees]
D:7:      layout_gridville, serial_shops, nicolae_shop_overgrown_old_shop,
          corexii_hall_statues_t, minivault_27, minivault_24, uniq_maggie,
          uniq_pikel, uniq_prince_ribbit1, uniq_duvessa
D:8:      layout_basic, dpeg_lair_monsters, kennysheep_windowed_goal
Temple:   mainiacjoe_temple_big_plus

Skill      XL: |  1  2  3  4  5  6  7  8  9 |
---------------+----------------------------+-----
Polearms       | 3 4 5 6 7 |  7.3
Armour         | 1 2 3 4 5 6 |  6.6
Dodging        | 3 4 5 6 7 |  7.3
Fighting       | 3 4 5 6 7 |  7.6
Throwing       | |  1.7

Action                     |  1- 3 |  4- 6 |  7- 9 | 10-12 || total
---------------------------+-------+-------+-------+-------++-------
  Melee: Trident           |   108 |   230 |   340 |    40 ||   718
         Punch             |     1 |     1 |     2 |     1 ||     5
  Throw: Throwing net      |       |       |     6 |     1 ||     7
         Javelin           |       |       |     3 |       ||     3
 Invoke: Ancestor Life: He |       |       |     1 |       ||     1
    Use: Scroll            |     2 |     7 |     2 |     1 ||    12
         Potion            |       |     2 |     1 |       ||     3
   Stab: Sleeping          |     2 |       |       |       ||     2
         Distracted        |       |     1 |     4 |       ||     5
         Held in net/web   |       |       |     2 |       ||     2
         Confused          |       |       |     1 |       ||     1
 Armour: Leather armour    |    27 |    59 |    80 |     5 ||   171
  Dodge: Dodged            |    63 |   127 |   156 |    10 ||   356

Table legend: (Time is in decaauts)
 A = Elapsed time spent in this place.
 B = Non-inter-level travel time spent in this place.
 C = Inter-level travel time spent in this place.
 D = Time resting spent in this place.
 E = Time spent auto-exploring this place.
 F = Levels seen in this place.
 G = Mean time per level.
                   A        B        C        D        E       F      G
               +--------+--------+--------+--------+--------+-----+--------+
         Total |   7776 |   7537 |    239 |    655 |   5390 |  10 |  777.6 |
       Dungeon |   7047 |   6889 |    158 |    655 |   4795 |   8 |  880.9 |
        Temple |    549 |    468 |     81 |      0 |    444 |   1 |  549.0 |
         Sewer |    178 |    178 |      0 |      0 |    151 |   1 |  178.0 |
               +--------+--------+--------+--------+--------+-----+--------+

Top non-repeatable levels by time:
     D:7: 1324 daAuts
     D:6: 1186 daAuts
     D:4: 991 daAuts
     D:5: 978 daAuts
     D:3: 946 daAuts
     D:2: 854 daAuts
     D:1: 566 daAuts
  Temple: 549 daAuts
     D:8: 199 daAuts
   Sewer: 178 daAuts
